 Dungeon Crawl Stone Soup version 0.28-a0-1382-g92835e5c71 (webtiles) character file.

Game seed: 3234301356761587087

3375 rogsnak the Destroyer (level 9, -14/59 HPs)
             Began as a Demonspawn Air Elementalist on Jan 1, 2022.
             Was a Follower of Sif Muna.
             Demolished by a vampire (18 damage)
             ... in a bailey on Jan 2, 2022.
             The game lasted 00:22:36 (9386 turns).

rogsnak the Destroyer (Demonspawn Air Elementalist) Turns: 9386, Time: 00:22:37

Health: -14/59     AC: 10    Str:  8    XL:     9   Next: 74%
Magic:  8/28       EV: 13    Int: 21    God:    Sif Muna [*.....]
Gold:   250        SH:  0    Dex: 14    Spells: 14/22 levels left

rFire   + + .      SeeInvis .   n - +2 whip (elec)
rCold   . . .      Faith    .   (no shield)
rNeg    . . .      Spirit   .   w - +3 robe of Clouds {*Thunder rCloud rElec}
rPois   .          Reflect  .   (no helmet)
rElec   +          Harm     .   (no cloak)
rCorr   .          Rampage  .   (no gloves)
Will    .....                   (no boots)
Stlth   +.........              (no amulet)
HPRegen 0.19/turn               h - ring of magical power
MPRegen 0.21/turn               j - ring "Osanobemn" {Fly rF++ AC+4}

@: confused, ambrosia-drunk, flying
A: hooves 2, demonic guardian 2, foul stench 1, sharp scales 1
a: Renounce Religion, Channel Magic


You were in a bailey.
You worshipped Sif Muna.
Sif Muna was aware of your devotion.
You visited 2 branches of the dungeon, and saw 8 of its levels.
You also visited: Bailey.

You collected 250 gold pieces.

Inventory:

Hand Weapons
 a - a +0 rapier of speed
 n - a +2 whip of electrocution (weapon)
 C - a +0 morningstar of draining
Missiles
 u - 3 silver javelins
 z - a throwing net
 D - 8 poisoned darts
Armour
 t - a +0 robe of positive energy
 w - the +3 robe of Clouds (worn) {*Thunder rCloud rElec}
   (You found it on level 4 of the Dungeon)

   It occasionally creates storm clouds above nearby enemies.
   It grants its wearer immunity to clouds.
   rElec:     It insulates you from electricity.
Jewellery
 c - a ring of resist corrosion
 h - a ring of magical power (left hand)
 j - the ring "Osanobemn" (right hand) {Fly rF++ AC+4}
   (You found it on level 2 of the Dungeon)

   [ring of protection]

   AC:        It affects your AC (+4).
   rF:        It greatly protects you from fire.
   Fly:       It grants you flight.
 v - an amulet of guardian spirit
 F - a ring of fire
Wands
 b - a wand of flame (14)
 x - a wand of mindburst (22)
Scrolls
 e - 4 scrolls of teleportation {unknown}
 k - a scroll of noise {unknown}
 l - 10 scrolls of identify {unknown}
 m - 2 scrolls of enchant weapon {unknown}
 o - 3 scrolls of fog {unknown}
 p - 2 scrolls of blinking {unknown}
 y - 3 scrolls of fear {unknown}
 A - a scroll of summoning {unknown}
 B - a scroll of silence {unknown}
 E - a scroll of enchant armour {unknown}
Potions
 g - a potion of lignification {unknown}
 i - a potion of curing {unknown}
 q - 3 potions of brilliance {unknown}
 r - a potion of magic {unknown}
 s - a potion of haste {unknown}
 H - a potion of might {unknown}
Miscellaneous
 G - a phial of floods


   Skills:
 + Level 1.4 Fighting
 + Level 3.1 Dodging
 - Level 1.7 Stealth
 + Level 7.2 Spellcasting
 * Level 8.0 Conjurations
 + Level 7.5 Air Magic


You had 14 spell levels left.
You knew the following spells:

 Your Spells              Type           Power      Damage    Failure   Level
a - Shock                 Conj/Air       100%       1d9       1%          1
b - Swiftness             Air            39%        N/A       1%          3
c - Airstrike             Air            19%        N/A       3%          4

Your spell library contained the following spells:

 Spells                   Type           Power      Damage    Failure   Level
 Static Discharge         Conj/Air       40%        N/A       1%          2
 Beastly Appendage        Tmut           14%        N/A       9%          1
 Pain                     Necr           28%        1d5       9%          1
 Summon Small Mammal      Summ           28%        N/A       9%          1
 Wereblood                Tmut           7%         N/A       13%         2
 Call Canine Familiar     Summ           7%         N/A       26%         3
 Spider Form              Tmut/Pois      7%         N/A       26%         3
 Summon Guardian Golem    Hex/Summ       7%         N/A       26%         3
 Olgreb's Toxic Radiance  Pois           7%         N/A       65%         4
 Agony                    Necr           7%         N/A       94%         5
 Excruciating Wounds      Necr           3%         N/A       94%         5
 Ozocubu's Refrigeration  Ice            3%         4d5       100%        7
 Ignition                 Fire           3%         3d4       100%        8


Dungeon Overview and Level Annotations

Branches:
Dungeon (7/15)             Temple (1/1) D:5          Bailey (1/1)

Altars:
Cheibriados
Elyvilon
Gozag
Hepliaklqana
Kikubaaqudgha
Makhleb
Nemelex Xobeh
Okawaru
Qazlal
Ru
Sif Muna
Trog
Uskayaw
Wu Jian
Yredelemnul
Zin
The Shining One

Shops:
D:5 [


Innate Abilities, Weirdness & Mutations

You have hoof-like feet.
A demonic guardian rushes to your aid.
You may rarely emit foul miasma when damaged in melee.
You are partially covered in razor-sharp scales. (AC +1, Slay +1)


Message History

Press: ? - help, Shift-Dir - straight line Something hits you.
Unknown command.
Unknown command.
You hear some strange, mumbled words.
Something tries to affect you, but you resist.
Okay, then.
Casting: Airstrike (dangerous; 3% risk of failure)
Confirm with . or Enter, or press ? or * to list all spells.
You can't see any susceptible monsters within range! (Use Z to cast anyway.)
Casting: Airstrike (dangerous; 3% risk of failure)
Confirm with . or Enter, or press ? or * to list all spells.
Aiming: Airstrike (dangerous; 3% risk of failure)
Press: ? - help, Dir - move target, f - you
Okay, then.
Casting: Airstrike (dangerous; 3% risk of failure)
Confirm with . or Enter, or press ? or * to list all spells.
Aiming: Airstrike (dangerous; 3% risk of failure)
Press: ? - help, Dir - move target The air twists around and strikes something.
Something hits you!
A demonic guardian appears!
Unknown command.
Unknown command.
Storm clouds gather above something.
Something hits you! Something bites you but does no damage. Something hits you!
* * * LOW HITPOINT WARNING * * *
Unknown command.
You swap places.
Lightning from the thunderstorm strikes something you cannot see.
Something hits you!
* * * LOW HITPOINT WARNING * * *
Unknown command.
Okay, then.
Something barely misses your hellwing. Something bites your hellwing.
You see here a +0 spear.
It was a potion of cancellation.
You feel magically purged.
It was a potion of ambrosia.
You are confused.
You feel invigorated. Something hits you!!
You die...

#.......)...))...#....#
#########....#...#....#
#8.....##..##...'....#
#.......####....'....#
#........#...####....#
#####...........#..#....#
#[÷.#..♣....)§..#.)#)##'#♣♣
#.÷.#.♣....4.{..#.)..#....♣
#.))#...♣.@♣....#....#.....
###'##..♣.......####'#.....
#.)#..)..♣.........#..88.
#))'..).....♣.)....#.88.♣
####.........♣♣...##....♣
#................#.....♣
#................#....♣♣
#..)#..#........##....♣
#)..#..##'#####+#.....♣♣


You could see a friendly hellwing (summoned).

Vanquished Creatures
  A gargoyle (Bailey)
  Sigmund (D:6)
  Eustachio (D:6)
  An ice beast (D:6)
  A necrophage (D:5)
  A black bear (D:4)
  An ogre (D:4)
  2 centaurs (D:7)
  A bullfrog (D:6)
  A kobold brigand (D:6)
  Blork the orc (D:6)
  2 scorpions
  A water moccasin skeleton (D:6)
  A howler monkey (D:4)
  8 vampire bats (Bailey)
  7 wolf zombies (Bailey)
  3 hounds
  A centaur skeleton (D:7)
  A jelly (D:6)
  2 gnoll shamans
  3 orc priests
  2 bullfrog skeletons (D:5)
  7 iguanas
  A howler monkey zombie (D:5)
  15 gnolls
  10 adders
  4 ufetubi
  An adder zombie (D:5)
  A worm (D:3)
  5 dart slugs
  10 orcs
  8 ball pythons
  7 endoplasms
  5 giant cockroaches
  8 goblins
  8 hobgoblins
  6 jackals
  14 kobolds
  2 quokkas (D:1)
  2 bats
  4 frilled lizards
  27 orc zombies (Bailey)
  A quokka skeleton (D:4)
  5 rats
  A spectral orc (D:3)
195 creatures vanquished.

Vanquished Creatures (collateral kills)
  2 vampire mosquitoes (D:5)
  A worm (D:3)
  An endoplasm (D:3)
4 creatures vanquished.

Vanquished Creatures (others)
  4 plants (D:1)
4 creatures vanquished.

Grand Total: 203 creatures vanquished

Notes
Turn   | Place    | Note
-------+----------+-------------------------------------------
     0 | D:1      | rogsnak the Demonspawn Air Elementalist began the quest for
                  | the Orb.
     0 | D:1      | Reached XP level 1. HP: 13/13 MP: 3/3
   326 | D:1      | Gained mutation: You have large cloven feet. [demonic
                  | ancestry]
   326 | D:1      | Reached XP level 2. HP: 19/19 MP: 0/5
  1608 | D:2      | Reached XP level 3. HP: 24/24 MP: 1/6
  1890 | D:2      | Identified the ring "Osanobemn" {Fly rF++ AC+4}
  2113 | D:2      | Reached skill level 2 in Conjurations
  2623 | D:3      | Gained mutation: A weak demonic guardian rushes to your
                  | aid. [demonic ancestry]
  2623 | D:3      | Reached XP level 4. HP: 30/30 MP: 7/7
  3261 | D:3      | Gained mutation: You are partially covered in razor-sharp
                  | scales. (AC +1, Slay +1) [demonic ancestry]
  3261 | D:3      | Reached XP level 5. HP: 35/35 MP: 9/9
  3471 | D:3      | Found a hazy altar of Hepliaklqana.
  3476 | D:3      | Reached skill level 3 in Conjurations
  4413 | D:4      | Learned a level 3 spell: Swiftness
  4418 | D:4      | Learned a level 4 spell: Airstrike
  4419 | D:4      | Found the +3 robe of Clouds {*Thunder rCloud rElec}
  4440 | D:4      | Noticed an ogre
  4452 | D:4      | Killed an ogre
  4453 | D:4      | Gained mutation: A demonic guardian rushes to your aid.
                  | [demonic ancestry]
  4453 | D:4      | Reached XP level 6. HP: 41/41 MP: 11/11
  4562 | D:4      | Reached skill level 4 in Conjurations
  4697 | D:4      | Found an ornate altar of the Wu Jian Council.
  4697 | D:4      | Found an opulent altar of Gozag.
  5337 | D:5      | Entered Level 5 of the Dungeon
  5436 | D:5      | Gained mutation: You may rarely emit foul miasma when
                  | damaged in melee. [demonic ancestry]
  5436 | D:5      | Reached XP level 7. HP: 46/46 MP: 11/13
  5528 | D:5      | Found a staircase to the Ecumenical Temple.
  5534 | Temple   | Entered the Ecumenical Temple
  5673 | D:5      | Found Foim Fith's Antique Armour Emporium.
  5703 | D:5      | Noticed a vampire mosquito
  5703 | D:5      | Noticed a vampire mosquito
  5714 | D:5      | Killed a vampire mosquito
  5716 | D:5      | Killed a vampire mosquito
  5717 | D:5      | Reached skill level 5 in Conjurations
  5717 | D:5      | Reached skill level 5 in Air Magic
  6189 | D:5      | Gained mutation: You have hoof-like feet. [demonic
                  | ancestry]
  6189 | D:5      | Reached XP level 8. HP: 53/53 MP: 15/15
  6410 | D:5      | Reached skill level 5 in Spellcasting
  6466 | D:5      | Found a stormy altar of Qazlal.
  6466 | D:5      | Found an iron altar of Okawaru.
  6467 | D:5      | Found a basalt altar of Yredelemnul.
  6569 | D:6      | Reached skill level 6 in Conjurations
  6780 | D:6      | Noticed Sigmund
  6783 | D:6      | Killed Sigmund
  6876 | D:6      | Noticed Eustachio
  6883 | D:6      | Killed Eustachio
  6884 | D:6      | Reached skill level 7 in Conjurations
  7184 | D:6      | Noticed Blork the orc
  7186 | D:6      | Killed Blork the orc
  7299 | D:6      | Found a shimmering blue altar of Sif Muna.
  7304 | D:6      | Became a worshipper of Sif Muna the Loreminder
  7606 | D:6      | Reached XP level 9. HP: 58/58 MP: 17/18
  8042 | D:7      | Found a flagged portal.
  8109 | Bailey   | Entered a bailey
  8264 | Bailey   | Reached * piety under Sif Muna
  8781 | Bailey   | Reached skill level 1 in Fighting
  9235 | Bailey   | Noticed a gargoyle
  9243 | Bailey   | Killed a gargoyle
  9244 | Bailey   | Reached skill level 8 in Conjurations
  9383 | Bailey   | HP: 1/59 [something (9)]
  9386 | Bailey   | Demolished by a vampire

Illustrated notes

Levels and vault maps discovered:
D:1:      minmay_arrival_doors, layout_basic, serial_forest,
          infiniplex_forest_lined_room_2, infiniplex_forest_clump_diagonal,
          infiniplex_forest_end_double, infiniplex_forest_clump_large,
          infiniplex_forest_clump_cross
D:2:      layout_basic, kennysheep_another_room, minmay_tetromino_o4
D:3:      layout_loops_cross, nicolae_hepliaklqana_monster_ancestors,
          grunt_decor_cap, minmay_snake_closets
D:4:      layout_basic, kennysheep_mini_moat, amethyst_overflow_temple_binary
D:5:      layout_rooms, gammafunk_temple_overflow_claw,
          minmay_temple_entry_enclosed_plants, nicolae_stop_n_shop_1
D:6:      layout_gridville, mainiacjoe_overflow_alcove_2,
          minmay_misc_feat_cross, uniq_sigmund, uniq_blork_the_orc,
          uniq_eustachio
D:7:      layout_rooms, lemuel_round_altar, nicolae_vehumet_radiance,
          enter_bailey_8
Temple:   nicolae_temple_figure_zero
Bailey:   bailey_polearm_vampire_castle_hellmonk, bailey

Skill      XL: |  1  2  3  4  5  6  7  8  9 |
---------------+----------------------------+-----
Air Magic      | 3 4 5 6 7 |  7.5
Conjurations   | 2 3 4 5 7 8 |  8.0
Dodging        | 2 3 |  3.1
Spellcasting   | 3 4 6 7 |  7.2
Fighting       | 1 |  1.4
Stealth        | |  1.7

Action                   |  1- 3 |  4- 6 |  7- 9 || total
-------------------------+-------+-------+-------++-------
Melee: Unarmed           |     3 |       |       ||     3
       Club              |    11 |       |       ||    11
       Kick              |     2 |     7 |    18 ||    27
       Spear             |     6 |     7 |       ||    13
       Whip              |       |    19 |    57 ||    76
       Morningstar       |       |       |     1 ||     1
 Cast: Shock             |    89 |   123 |   226 ||   438
       Airstrike         |       |     2 |    43 ||    45
Evoke: Wand              |       |       |     3 ||     3
  Use: Potion            |       |       |     2 ||     2
Armor: Robe              |    12 |    14 |    57 ||    83
Dodge: Dodged            |    17 |    27 |   101 ||   145

Table legend: (Time is in decaauts)
 A = Elapsed time spent in this place.
 B = Non-inter-level travel time spent in this place.
 C = Inter-level travel time spent in this place.
 D = Time resting spent in this place.
 E = Time spent auto-exploring this place.
 F = Levels seen in this place.
 G = Mean time per level.
                   A        B        C        D        E       F      G
               +--------+--------+--------+--------+--------+-----+--------+
         Total |   9395 |   9082 |    313 |   2191 |   5327 |   9 | 1043.9 |
       Dungeon |   7999 |   7686 |    313 |   1260 |   5217 |   7 | 1142.7 |
        Temple |    117 |    117 |      0 |      0 |    110 |   1 |  117.0 |
        Bailey |   1278 |   1278 |      0 |    931 |      0 |   1 | 1278.0 |
               +--------+--------+--------+--------+--------+-----+--------+

Top non-repeatable levels by time:
     D:1: 1582 daAuts
     D:3: 1465 daAuts
     D:4: 1433 daAuts
     D:6: 1310 daAuts
  Bailey: 1278 daAuts
     D:2: 1007 daAuts
     D:5: 960 daAuts
     D:7: 239 daAuts
  Temple: 117 daAuts
